Map: Ruínas de Endion

Players

TheZergLord - Winner!

  • Race: Zerg Zerg
  • League: Master

Minow

  • Race: Terran Terran
  • League: Master

VOD

Have the link to the VOD?

Description

Time

  • Played on: May 24, 2016, 8:49 a.m.
  • Length: 4:35
Show
View Real Time Build Order
Export as new Build Order

TheZergLord Zerg - Winner!

Build Orders: Hatch First 

Get SALT Encoding   

  12  0:01  Drone  
  13  0:12  Overlord  
  13  0:17  Drone  
  14  0:32  Drone x2  
  14  0:34  Drone  
  17  0:52  Hatchery  
  17  0:54  Drone  
  17  1:08  Spawning Pool  
  17  1:11  Drone  
  17  1:14  Extractor  
  17  1:16  Drone  
  17  1:20  Drone  
  18  1:28  Drone  
  19  1:40  Overlord  
  19  1:56  Queen  
  19  1:57  Zergling x2  
  19  2:00  Zergling x2  
  23  2:05  Queen  
  23  2:06  Drone  
  26  2:12  Drone  
  27  2:17  Metabolic Boost  
  27  2:19  Drone  
  28  2:24  Drone  
  29  2:31  Drone  
  30  2:37  Queen  
  30  2:39  Drone  
  30  2:40  Drone  
  34  2:46  Overlord  
  34  2:50  Overlord  
  34  2:54  Pneumatized Carapace  
  34  2:55  Zergling x2  
  35  3:01  Zergling x2  
  35  3:03  Evolution Chamber  
  35  3:08  Zergling x6  
  38  3:13  Zergling x4  
  40  3:20  Queen  
  40  3:23  Zergling x2  
  42  3:44  Zergling x10  
  51  4:10  Zergling x2, Roach Warren, Overlord  
Show
View Real Time Build Order
Export as new Build Order

Minow Terran 

Build Orders: Reaper Expand 

Get SALT Encoding   

  12  0:02  SCV  
  13  0:14  SCV  
  13  0:19  Supply Depot  
  14  0:26  SCV  
  15  0:40  SCV  
  15  0:42  Barracks  
  16  0:46  Refinery  
  16  0:53  SCV  
  17  1:05  SCV  
  18  1:17  SCV  
  19  1:29  Orbital Command  
  19  1:30  Reaper  
  20  1:40  Command Center  
  20  1:49  Supply Depot  
  20  1:55  SCV  
  21  2:02  Marine  
  21  2:08  SCV  
  23  2:12  Factory  
  23  2:17  Refinery  
  23  2:21  SCV  
  24  2:24  Barracks Reactor  
  24  2:33  SCV  
  25  2:46  SCV  
  26  2:54  Orbital Command  
  26  2:57  Starport  
  26  2:59  Factory Tech Lab  
  26  3:02  SCV  
  26  3:04  Marine x2  
  29  3:14  Bunker  
  29  3:15  SCV  
  29  3:19  Siege Tank  
  33  3:22  Marine x2  
  33  3:23  SCV  
  36  3:27  SCV  
  36  3:31  Supply Depot  
  37  3:35  SCV  
  37  3:39  SCV  
  38  3:47  SCV  
  39  3:51  SCV  
  39  3:54  Supply Depot  
  42  3:57  Medivac  
  42  3:59  SCV  
  42  4:01  Barracks  
  42  4:02  Barracks  
  43  4:11  SCV x2  
  43  4:13  Engineering Bay  
  43  4:16  Marine x2, Supply Depot  
Tags
 
Add a new tag
Caveats
  • Supply blocks, unpowered buildings, or Contaminate may cause inaccurate times.
  • Supply counts are checked every 10 seconds.